Map: Ephemeron LE

Players

Ratl - Winner!

  • Race: Protoss Protoss
  • League: Silver
  • Spawn Location: 5:00

Chacal

  • Race: Terran Terran
  • Spawn Location: 11:00

VOD

Have the link to the VOD?

Description

Time

  • Played on: Jan. 12, 2020, 1:59 p.m.
  • Length: 11:25
Show
View Real Time Build Order
Export as new Build Order

Ratl Protoss - Winner!

Build Orders:  

Get SALT Encoding   

  12  0:03  Probe  
  13  0:16  Probe  
  14  0:22  Pylon  
  14  0:28  Probe  
  15  0:40  Probe (Chrono Boost)  
  16  0:43  Gateway  
  16  0:53  Probe (Chrono Boost)  
  17  1:01  Probe (Chrono Boost)  
  18  1:06  Gateway  
  18  1:07  Probe  
  19  1:13  Assimilator  
  19  1:19  Probe  
  20  1:31  Probe  
  20  1:32  Cybernetics Core  
  21  1:37  Assimilator  
  21  1:43  Probe  
  22  1:55  Probe  
  23  2:16  Pylon  
  23  2:24  Warp Gate (Chrono Boost), Pylon  
  23  2:34  Probe, Adept x2  
  28  2:46  Probe  
  29  2:54  Nexus  
  29  2:58  Probe  
  30  3:11  Probe  
  31  3:15  Robotics Facility  
  31  3:17  Stalker  
  33  3:23  Probe  
  34  3:35  Probe  
  34  3:39  Stalker  
  37  3:51  Probe  
  38  4:04  Probe  
  39  4:12  Probe  
  39  4:16  Probe  
  41  4:24  Probe  
  41  4:30  Probe  
  43  4:37  Probe  
  44  4:48  Stargate x2  
  44  4:50  Stargate  
  44  4:52  Cybernetics Core  
  44  4:56  Probe x2  
  44  4:58  Assimilator  
  46  5:00  Assimilator  
  46  5:02  Observer  
  47  5:08  Probe x2  
  47  5:10  Protoss Air Weapons Level 1 (Chrono Boost)  
  49  5:20  Probe x2  
  51  5:23  Warp Prism  
  53  5:32  Probe  
  54  5:53  Pylon  
  54  5:54  Pylon  
  54  5:58  Pylon  
  54  6:10  Void Ray, Nexus  
  54  6:11  Probe x2  
  60  6:12  Void Ray  
  60  6:13  Pylon  
  60  6:16  Pylon, Protoss Air Armor Level 1 (Chrono Boost)  
  64  6:18  Void Ray  
  64  6:19  Pylon  
  64  6:23  Probe x2  
  70  6:35  Probe x2 (Chrono Boost)  
  74  6:47  Probe (Chrono Boost)  
  74  6:48  Probe (Chrono Boost)  
  74  6:53  Probe (Chrono Boost), Void Ray  
  74  6:54  Probe (Chrono Boost)  
  79  6:55  Void Ray  
  84  7:01  Probe x2, Void Ray  
  90  7:13  Probe x2  
  90  7:15  Assimilator  
  92  7:19  Assimilator  
  92  7:25  Probe x2  
  94  7:36  Void Ray  
  98  7:37  Probe x2  
  100  8:09  Probe  
  100  8:10  Probe x2  
  103  8:21  Probe  
  103  8:22  Probe, Fleet Beacon  
  103  8:24  Pylon  
  105  8:31  Pylon  
  105  8:34  Gateway  
  105  8:36  Gateway  
  105  8:39  Gateway  
  105  8:41  Gateway  
  105  8:49  Void Ray x3  
  117  9:16  Assimilator  
  117  9:17  Assimilator  
  117  9:18  Pylon  
  117  9:19  Pylon  
  117  9:20  Pylon  
  117  9:32  Void Ray x2  
  125  9:51  Stalker x4  
  125  9:52  Stalker x2  
  137  10:03  Nexus  
  137  10:52  Zealot x5  
  137  10:53  Zealot  
Show
View Real Time Build Order
Export as new Build Order

Chacal Terran 

Build Orders:  

Get SALT Encoding   

  12  0:27  SCV  
  13  0:39  SCV  
  14  0:51  SCV  
  15  1:03  Refinery  
  15  2:19  Supply Depot  
  15  2:41  SCV  
  16  2:53  SCV  
  17  2:59  Barracks  
  17  3:05  SCV  
  18  3:17  SCV  
  19  3:29  SCV  
  20  3:41  SCV  
  21  3:54  SCV  
  21  3:55  Marine  
  23  4:05  Ghost Academy  
  23  4:08  SCV  
  23  4:13  Marine  
  23  4:20  SCV  
  22  4:31  Reaper  
  22  4:32  SCV  
  23  5:08  Factory  
  23  5:57  Factory Tech Lab  
  23  7:05  Refinery  
  23  8:01  Command Center  
  23  9:11  SCV  
  23  9:12  Reaper  
  23  9:13  Cyclone  
  26  9:23  SCV  
  27  9:35  SCV  
  28  9:43  Marine  
  28  9:45  Widow Mine  
  31  9:47  SCV  
  32  9:59  SCV  
  32  10:01  Marine  
  33  10:16  Siege Tank  
  33  10:19  Reaper  
  37  10:34  SCV  
Tags
 
League
Silver
Matchup
PvT
Spawn Locations
Cross Positions
Add a new tag
Caveats
  • Supply blocks, unpowered buildings, or Contaminate may cause inaccurate times.
  • Supply counts are checked every 10 seconds.